Map: Dusty Gorge

Players

boonboysbrew

  • Race: Protoss Protoss
  • Spawn Location: 3:00

AnthonioGlez

  • Race: Protoss Protoss
  • Spawn Location: 5:00

Manbearpig

  • Race: Terran Terran
  • Spawn Location: 11:00

Melapica

  • Race: Terran Terran
  • League: Silver
  • Spawn Location: 9:00

VOD

Have the link to the VOD?

Description

Time

  • Played on: Jan. 1, 2024, 4:29 p.m.
  • Length: 19:46
Show
View Real Time Build Order
Export as new Build Order

boonboysbrew Protoss 

Build Orders:  

Get SALT Encoding   

  12  0:01  Probe (Chrono Boost)  
  13  0:13  Probe (Chrono Boost)  
  14  0:20  Probe (Chrono Boost)  
  15  0:32  Pylon  
  15  0:35  Pylon  
  15  0:38  Assimilator  
  15  0:50  Probe  
  16  1:00  Forge  
  16  1:02  Probe  
  17  1:11  Gateway  
  17  1:16  Probe  
  18  1:31  Probe  
  19  1:37  Gateway  
  19  1:43  Probe (Chrono Boost)  
  20  1:53  Probe (Chrono Boost)  
  21  1:58  Probe (Chrono Boost)  
  21  2:00  Pylon  
  22  2:08  Cybernetics Core  
  22  2:10  Probe  
  23  2:19  Zealot  
  25  2:23  Protoss Ground Armor Level 1  
  25  2:29  Zealot  
  27  2:40  Photon Cannon  
  27  2:46  Zealot  
  29  2:51  Photon Cannon  
  29  3:05  Probe (Chrono Boost)  
  30  3:13  Zealot  
  30  3:17  Zealot, Probe (Chrono Boost)  
  35  3:23  Probe (Chrono Boost)  
  36  3:31  Probe  
  37  3:43  Nexus  
  37  3:49  Assimilator  
  37  3:54  Zealot  
  39  4:09  Stargate  
  39  4:14  Twilight Council  
  39  4:49  Pylon  
  39  4:54  Pylon  
  39  4:55  Zealot x2, Probe  
  39  4:59  Pylon  
  44  5:04  Probe  
  45  5:07  Probe  
  46  5:16  Probe  
  46  5:18  Assimilator  
  46  5:19  Probe  
  48  5:24  Protoss Air Weapons Level 1  
  48  5:27  Assimilator  
  48  5:31  Phoenix, Probe  
  51  5:40  Pylon  
  51  5:51  Probe  
  51  5:56  Phoenix  
  54  5:57  Pylon  
  54  6:04  Stargate  
  45  6:27  Probe  
  35  6:39  Probe (Chrono Boost)  
  30  6:48  Phoenix  
  30  6:49  Phoenix  
  30  6:52  Probe (Chrono Boost)  
  35  7:00  Probe (Chrono Boost)  
  36  7:06  Probe  
  37  7:14  Zealot  
  37  7:15  Zealot  
  41  7:16  Charge  
  41  7:20  Probe (Chrono Boost)  
  42  7:23  Probe (Chrono Boost)  
  43  7:33  Probe (Chrono Boost)  
  43  7:34  Probe (Chrono Boost)  
  43  7:35  Protoss Air Armor Level 1  
  45  7:38  Probe (Chrono Boost)  
  45  7:42  Probe  
  47  7:50  Probe (Chrono Boost)  
  48  7:54  Fleet Beacon  
  48  7:56  Probe (Chrono Boost)  
  51  8:07  Probe x2 (Chrono Boost)  
  51  8:11  Probe (Chrono Boost)  
  51  8:14  Phoenix  
  54  8:23  Probe  
  54  8:24  Phoenix  
  57  8:37  Probe  
  58  8:49  Probe  
  59  8:56  Pylon  
  59  9:01  Probe  
  65  9:04  Tempest (Chrono Boost)  
  65  9:07  Pylon  
  65  9:09  Probe  
  66  9:14  Zealot x2  
  70  9:18  Tempest (Chrono Boost)  
  70  9:21  Probe  
  76  9:33  Probe  
  77  9:45  Probe  
  78  9:49  Tempest  
  83  9:54  Tempest  
  83  9:57  Probe  
  89  10:27  Unknown  
  83  11:02  Tempest x2  
  83  11:04  Zealot x2 (Chrono Boost)  
  97  11:25  Zealot x2 (Chrono Boost)  
  101  11:36  Nexus  
  101  11:48  Zealot x2, Phoenix  
  101  11:49  Phoenix  
  109  11:58  Pylon  
  109  11:59  Pylon  
  109  12:01  Pylon  
  109  12:02  Pylon  
  109  12:15  Phoenix x2  
  109  12:16  Zealot x2  
  112  12:42  Assimilator  
  107  12:44  Assimilator  
  107  12:48  Anion Pulse-Crystals  
  107  12:50  Zealot x2  
  111  12:52  Phoenix  
  111  12:53  Phoenix  
  115  13:17  Tempest x2, Zealot x2  
  129  13:44  Zealot x2  
  128  13:52  Flux Vanes  
  119  14:11  Zealot x2  
  123  14:38  Zealot x2  
  125  14:40  Probe (Chrono Boost)  
  125  14:43  Protoss Air Armor Level 2  
  128  14:51  Probe (Chrono Boost)  
  129  14:56  Probe (Chrono Boost)  
  130  15:05  Zealot x2  
  130  15:06  Probe  
  135  15:18  Probe  
  136  15:32  Zealot x2  
  136  15:35  Probe  
  141  15:47  Probe  
  142  15:59  Zealot x2, Probe  
  147  16:11  Probe  
  143  16:19  Tempest (Chrono Boost)  
  143  16:20  Tempest (Chrono Boost)  
  143  16:23  Probe  
  149  16:26  Zealot  
  149  16:27  Zealot  
  130  16:54  Zealot x2  
  134  16:57  Tempest (Chrono Boost)  
  134  16:58  Tempest (Chrono Boost)  
  143  17:17  Protoss Air Weapons Level 2  
  143  17:21  Zealot x2  
  147  17:32  Tempest  
  147  17:34  Tempest  
  146  17:48  Zealot  
  135  18:15  Tempest  
  135  18:17  Tempest, Zealot x2  
  149  18:25  Nexus  
  149  18:28  Assimilator  
  149  18:33  Assimilator  
  145  18:44  Zealot  
  140  18:58  Tempest  
  140  18:59  Tempest  
  147  19:12  Zealot x2  
Show
View Real Time Build Order
Export as new Build Order

AnthonioGlez Protoss 

Build Orders: Nexus First 

Get SALT Encoding   

  12  0:40  Pylon  
  12  0:50  Nexus  
  12  1:02  Gateway  
  12  1:06  Probe (Chrono Boost)  
  13  1:18  Probe (Chrono Boost)  
  14  1:26  Probe (Chrono Boost)  
  14  1:32  Probe (Chrono Boost)  
  16  1:44  Probe (Chrono Boost)  
  16  1:46  Assimilator  
  17  1:53  Probe (Chrono Boost)  
  18  1:54  Cybernetics Core  
  18  2:00  Pylon  
  18  2:01  Probe  
  18  2:02  Probe  
  20  2:11  Assimilator  
  20  2:13  Probe  
  20  2:14  Probe  
  22  2:25  Probe  
  22  2:26  Probe  
  24  2:30  Assimilator  
  24  2:34  Assimilator  
  24  2:38  Probe x2  
  26  2:52  Stargate  
  26  2:57  Probe x2 (Chrono Boost)  
  29  3:07  Probe x2 (Chrono Boost)  
  29  3:12  Probe x2 (Chrono Boost)  
  32  3:23  Probe x2  
  34  3:32  Forge  
  34  3:35  Stargate, Probe (Chrono Boost)  
  34  3:41  Probe (Chrono Boost)  
  36  3:47  Probe (Chrono Boost)  
  37  3:50  Probe (Chrono Boost)  
  37  3:53  Probe (Chrono Boost)  
  39  4:01  Void Ray (Chrono Boost)  
  43  4:06  Pylon  
  43  4:22  Pylon  
  43  4:27  Photon Cannon  
  43  4:30  Void Ray  
  47  4:33  Photon Cannon  
  47  4:38  Photon Cannon  
  47  4:46  Photon Cannon  
  47  4:53  Probe x2  
  49  5:00  Protoss Air Weapons Level 1  
  49  5:05  Probe  
  49  5:06  Probe  
  55  5:10  Void Ray  
  55  5:17  Probe  
  55  5:20  Void Ray  
  60  5:27  Stargate  
  60  5:28  Pylon  
  60  5:37  Pylon  
  60  5:41  Pylon  
  60  5:44  Pylon  
  60  5:48  Pylon  
  60  5:50  Pylon  
  60  5:56  Void Ray  
  68  6:05  Void Ray  
  72  6:15  Photon Cannon  
  72  6:16  Void Ray  
  72  6:20  Photon Cannon  
  80  6:56  Void Ray x2  
  84  7:04  Void Ray  
  84  7:14  Protoss Air Armor Level 1  
  84  7:55  Nexus  
  84  7:56  Assimilator  
  84  7:57  Assimilator  
  88  8:38  Void Ray x3  
  88  8:39  Fleet Beacon  
  88  8:47  Stargate  
  88  8:48  Stargate  
  88  9:01  Protoss Shields Level 1, Cybernetics Core  
  88  9:10  Probe (Chrono Boost)  
  90  9:18  Probe (Chrono Boost)  
  90  9:20  Probe (Chrono Boost)  
  105  9:25  Void Ray x3  
  105  9:26  Probe x2 (Chrono Boost)  
  105  9:30  Probe (Chrono Boost)  
  106  9:31  Anion Pulse-Crystals (Chrono Boost), Phoenix x2  
  106  9:33  Probe (Chrono Boost)  
  106  9:34  Probe (Chrono Boost)  
  106  9:38  Probe x2 (Chrono Boost)  
  113  9:41  Probe  
  115  9:48  Probe  
  115  9:50  Probe  
  117  9:54  Probe  
  117  9:55  Protoss Air Armor Level 2  
  114  10:01  Phoenix x2  
  114  10:02  Protoss Air Weapons Level 2, Probe  
  79  10:28  Flux Vanes  
  67  10:40  Void Ray  
  67  10:41  Void Ray x2  
  67  10:46  Robotics Facility  
  67  10:48  Phoenix  
  69  11:03  Phoenix  
  65  11:35  Observer (Chrono Boost)  
  64  11:45  Phoenix  
  82  11:48  Void Ray  
  82  11:49  Void Ray x3  
  73  12:15  Observer (Chrono Boost)  
  74  12:23  Phoenix  
  74  12:25  Phoenix  
  74  12:27  Phoenix x2  
  82  12:31  Phoenix  
  81  12:49  Probe  
  82  13:01  Probe  
  82  13:13  Probe (Chrono Boost)  
  83  13:20  Phoenix x4  
  83  13:21  Phoenix  
  83  13:23  Probe (Chrono Boost)  
  94  13:28  Probe (Chrono Boost)  
  95  13:39  Probe  
  96  13:51  Probe  
  73  14:22  Probe (Chrono Boost)  
  95  14:32  Void Ray, Probe (Chrono Boost)  
  95  14:33  Void Ray x4  
  95  14:37  Probe (Chrono Boost)  
  95  14:44  Probe  
  97  14:48  Probe  
  94  14:56  Probe  
  95  15:00  Probe  
  96  15:08  Probe  
  97  15:20  Probe  
  98  15:32  Probe  
  119  15:38  Void Ray  
  119  15:39  Void Ray x3  
  119  15:40  Nexus, Void Ray  
  119  15:45  Assimilator  
  119  15:49  Assimilator  
  117  16:15  Phoenix  
  117  16:16  Phoenix x3  
  125  16:27  Phoenix  
  111  16:54  Void Ray x3  
  127  16:58  Void Ray  
  127  17:08  Observer  
  127  17:29  Observer  
  105  18:04  Assimilator  
  105  18:05  Assimilator  
  105  18:12  Nexus  
  105  18:19  Nexus  
  121  18:22  Void Ray x4  
  96  19:04  Phoenix x2  
  96  19:05  Phoenix  
Show
View Real Time Build Order
Export as new Build Order

Manbearpig Terran 

Build Orders:  

Get SALT Encoding   

  12  0:00  SCV  
  13  0:12  SCV  
  14  0:25  SCV  
  14  0:26  Supply Depot  
  15  0:48  SCV  
  16  0:50  Barracks  
  16  0:55  Refinery  
  16  1:00  SCV  
  17  1:12  SCV  
  17  1:15  Refinery  
  18  1:24  SCV  
  19  1:29  Supply Depot  
  19  1:36  SCV  
  20  1:40  Barracks  
  20  1:48  SCV  
  21  2:00  SCV  
  22  2:11  Command Center  
  22  2:12  SCV  
  23  2:19  Barracks Reactor  
  23  2:24  SCV  
  23  2:27  Barracks Tech Lab  
  24  2:37  Factory, SCV  
  25  2:49  SCV  
  25  2:50  Combat Shield  
  26  2:55  Marauder  
  26  2:57  Marine  
  29  3:00  Marine  
  30  3:11  Supply Depot  
  30  3:15  Marine  
  31  3:20  Supply Depot  
  31  3:26  Orbital Command  
  31  3:30  SCV  
  32  3:42  SCV  
  32  3:44  Starport  
  33  3:53  Marine  
  33  3:54  SCV  
  35  3:56  Marine  
  36  4:06  SCV  
  37  4:11  Marine  
  37  4:13  Marine, Engineering Bay  
  39  4:18  Factory Tech Lab, SCV  
  39  4:21  Starport Reactor  
  40  4:29  Marine  
  40  4:30  SCV  
  42  4:32  Marine  
  42  4:43  SCV  
  43  4:47  Marine  
  43  4:51  Missile Turret  
  44  4:53  Missile Turret  
  44  4:55  Marine, SCV  
  44  4:58  Medivac  
  48  5:02  Medivac  
  48  5:05  Marine  
  52  5:07  SCV  
  52  5:09  SCV  
  53  5:14  Marine  
  53  5:17  Marauder  
  53  5:19  SCV  
  53  5:21  SCV  
  58  5:23  Marine  
  59  5:31  Medivac, SCV  
  62  5:36  Supply Depot  
  62  5:42  Supply Depot  
  62  5:57  Marine x3  
  62  5:58  Supply Depot  
  65  6:15  Marine x3  
  68  6:24  Factory  
  68  6:33  Marine x2  
  68  6:34  Marauder  
  50  6:49  Viking x2  
  50  6:51  SCV, Marine x2  
  57  6:54  Marine  
  57  6:58  Starport  
  58  7:03  SCV  
  59  7:09  Marine x2  
  59  7:11  Factory Tech Lab  
  59  7:12  Marine  
  62  7:15  SCV  
  62  7:17  SCV  
  62  7:19  Viking x2  
  62  7:22  Refinery  
  68  7:24  Refinery  
  68  7:26  Marine x2  
  68  7:28  Supply Depot, SCV  
  68  7:29  SCV  
  72  7:30  Marine  
  72  7:35  Starport  
  73  7:41  SCV  
  74  7:44  Marine x2  
  74  7:48  Marine  
  74  7:49  Missile Turret, Medivac  
  74  7:50  Missile Turret  
  69  7:51  Missile Turret  
  69  7:53  SCV  
  71  8:05  SCV  
  71  8:06  Viking  
  71  8:08  Starport Tech Lab  
  73  8:13  Starport  
  73  8:17  SCV  
  73  8:19  Viking  
  76  8:29  SCV  
  76  8:30  Starport Reactor  
  77  8:35  Viking  
  77  8:36  Missile Turret  
  77  8:38  Missile Turret  
  79  8:46  Marine x3  
  79  8:48  Command Center, Missile Turret  
  82  8:49  Stimpack  
  82  8:50  Missile Turret  
  82  9:04  Marine  
  82  9:05  Starport Tech Lab  
  82  9:08  Viking  
  82  9:09  Viking x2  
  89  9:10  Marine x2  
  91  9:34  Marine x3  
  94  9:43  Supply Depot  
  94  9:44  Supply Depot  
  94  9:47  Supply Depot  
  94  9:59  Medivac x2, Marine x3  
  101  10:04  Viking x3  
  107  10:17  Marine x3  
  82  10:35  Marine x3  
  71  10:44  Viking x2  
  71  10:45  Viking x2  
  71  10:49  SCV  
  80  10:53  Marine x3  
  83  11:01  SCV  
  84  11:11  Marine x3  
  87  11:13  Medivac, SCV  
  87  11:14  Medivac x3  
  96  11:25  SCV  
  97  11:28  Marine x3  
  97  11:30  SCV  
  101  11:33  SCV  
  101  11:37  SCV  
  101  11:39  Refinery  
  103  11:42  SCV, Refinery  
  103  11:45  SCV, Starport  
  103  11:46  Marine x3  
  108  11:49  SCV  
  108  11:50  Barracks  
  108  11:53  Terran Infantry Weapons Level 1  
  109  11:54  SCV  
  109  11:58  SCV  
  111  12:01  SCV  
  111  12:06  SCV  
  113  12:10  SCV  
  113  12:14  SCV  
  115  12:18  Missile Turret, SCV  
  115  12:22  SCV  
  117  12:23  Viking x3, Missile Turret  
  117  12:24  Viking  
  125  12:31  Supply Depot  
  125  12:53  SCV, Marine x3  
  129  12:58  Starport Reactor  
  129  13:00  Viking x2  
  129  13:05  Command Center  
  133  13:50  Viking  
  133  14:10  Viking  
  133  14:11  Marine x2  
  133  14:12  Viking, SCV, Marine  
  133  14:14  Viking x3  
  125  14:20  Viking  
  123  14:24  SCV  
  123  14:25  Supply Depot  
  123  14:29  Marine x2  
  123  14:30  Marine  
  127  14:32  Refinery  
  127  14:37  SCV  
  128  14:39  Barracks Reactor  
  128  14:40  Viking  
  128  14:42  Viking  
  128  14:43  Viking  
  128  14:44  Viking x4  
  142  14:46  Marine x2  
  142  14:49  Medivac, SCV, Supply Depot  
  142  14:50  Fusion Core  
  145  15:01  SCV  
  146  15:10  Medivac  
  146  15:12  Viking  
  146  15:13  Viking, Medivac  
  146  15:14  Viking x2  
  156  15:19  Viking  
  160  15:23  Missile Turret x2  
  160  15:27  Armory  
  160  15:29  Armory  
  160  15:38  Missile Turret, SCV  
  160  15:39  Missile Turret  
  160  15:40  Viking, Missile Turret  
  160  15:42  Viking  
  163  15:50  SCV  
  163  15:56  Viking x3  
  164  15:59  Missile Turret  
  164  16:00  Missile Turret  
  164  16:10  Missile Turret  
  164  16:12  Missile Turret  
  164  16:14  Supply Depot  
  164  16:21  SCV  
  159  16:33  SCV  
  159  16:36  Battlecruiser x2  
  172  16:40  Refinery  
  172  16:52  Missile Turret  
  172  17:12  Missile Turret  
  172  17:26  SCV  
  173  17:34  Missile Turret  
  173  17:39  SCV  
  173  17:40  Battlecruiser x2  
  186  17:51  SCV  
  140  18:03  Viking x4, SCV  
  119  18:10  Missile Turret  
  119  18:11  Missile Turret, Refinery  
  119  18:15  Missile Turret  
  113  18:29  Missile Turret  
  113  18:30  Missile Turret  
  113  18:33  Viking x3  
  110  18:50  Missile Turret  
  110  18:53  Viking  
  110  18:54  Viking  
  104  18:56  Marine x3  
  104  19:01  Missile Turret  
  103  19:02  Viking  
  103  19:03  Viking x2  
  103  19:06  Missile Turret  
  103  19:08  Missile Turret  
  109  19:13  Marine  
  109  19:14  Marine x2  
  112  19:20  Missile Turret  
Show
View Real Time Build Order
Export as new Build Order

Melapica Terran 

Build Orders: 2 Factory 

Get SALT Encoding   

  12  0:00  SCV  
  13  0:18  Supply Depot  
  13  0:21  SCV  
  14  0:37  SCV  
  15  0:44  Barracks  
  15  0:50  Refinery  
  15  0:51  SCV  
  17  1:04  SCV  
  17  1:16  SCV  
  18  1:28  SCV  
  19  1:40  SCV  
  19  1:45  Supply Depot, Refinery  
  20  1:48  Barracks Reactor  
  20  1:52  SCV  
  21  2:04  Command Center  
  21  2:06  Orbital Command  
  21  2:29  Factory  
  21  2:36  SCV  
  21  2:37  Barracks Tech Lab  
  22  2:48  SCV  
  23  3:00  SCV  
  24  3:06  Barracks Reactor  
  24  3:12  SCV  
  25  3:19  Factory, Factory Reactor  
  25  3:24  SCV  
  26  3:36  SCV  
  27  3:44  Engineering Bay  
  27  3:48  SCV  
  28  3:57  Armory  
  28  3:59  Armory  
  28  4:00  SCV  
  28  4:02  Widow Mine x2  
  33  4:04  Factory  
  33  4:13  Supply Depot, SCV  
  33  4:15  Supply Depot  
  33  4:16  Supply Depot  
  34  4:18  Orbital Command  
  34  4:25  SCV  
  35  4:45  Missile Turret  
  35  4:47  Missile Turret  
  35  4:52  Missile Turret  
  35  4:56  Hi-Sec Auto Tracking, Missile Turret  
  35  5:02  SCV x2  
  37  5:07  Missile Turret  
  37  5:14  SCV  
  37  5:18  SCV  
  39  5:26  SCV  
  40  5:30  SCV  
  40  5:33  Drilling Claws  
  41  5:38  SCV  
  41  5:42  SCV  
  43  5:46  Widow Mine  
  43  5:47  Widow Mine x4  
  53  5:50  SCV  
  53  5:54  SCV  
  55  5:57  Marine x2  
  55  6:02  SCV  
  58  6:07  SCV  
  58  6:08  Widow Mine x5  
  69  6:15  SCV  
  69  6:16  Refinery  
  69  6:18  Refinery  
  70  6:21  Missile Turret  
  70  6:31  Supply Depot  
  70  6:36  Supply Depot  
  70  6:37  Supply Depot  
  70  6:38  Supply Depot  
  70  6:52  Marine x2  
  70  6:53  Widow Mine, SCV x2  
  76  6:58  Supply Depot  
  76  7:05  SCV x2  
  78  7:10  Marine x2  
  80  7:17  SCV  
  81  7:28  Marine x2  
  83  7:32  Widow Mine  
  83  7:33  Widow Mine x4  
  86  7:54  Widow Mine x4  
  94  8:01  Widow Mine  
  75  8:15  Widow Mine  
  75  8:16  Widow Mine x2  
  81  8:26  Orbital Command  
  81  8:50  Missile Turret  
  81  8:54  Missile Turret  
  81  9:03  Missile Turret  
  81  9:04  Command Center  
  81  9:06  Command Center  
  81  9:13  Missile Turret  
  81  9:14  Missile Turret  
  81  9:15  Terran Ship Weapons Level 1, Missile Turret x3  
  81  9:16  Terran Vehicle And Ship Armor Level 1  
  81  9:21  Missile Turret  
  81  9:24  Refinery  
  81  10:31  SCV  
  82  10:36  SCV  
  83  10:43  SCV  
  83  10:48  SCV  
  85  10:55  SCV  
  86  11:00  SCV  
  87  11:07  SCV  
  88  11:12  SCV  
  89  11:19  SCV  
  89  11:25  SCV  
  91  11:37  SCV  
  92  11:40  SCV  
  92  11:44  Orbital Command  
  93  11:49  SCV  
  93  11:52  SCV  
  95  12:00  Missile Turret  
  95  12:01  SCV  
  96  12:05  SCV  
  95  12:13  SCV  
  96  12:17  SCV  
  96  12:21  Missile Turret  
  97  12:25  SCV  
  97  12:29  SCV  
  99  12:33  SCV  
  100  12:38  SCV  
  100  12:41  Missile Turret, SCV  
  100  12:45  SCV  
  100  12:50  SCV  
  102  12:53  SCV  
  102  12:58  SCV  
  102  13:02  SCV  
  102  13:03  Missile Turret  
  102  13:05  SCV  
  98  13:10  SCV  
  98  13:11  Widow Mine x5  
  109  13:14  SCV  
  109  13:17  SCV  
  109  13:22  SCV  
  109  13:24  Missile Turret  
  109  13:26  SCV  
  111  13:28  Terran Ship Weapons Level 2  
  111  13:30  Terran Vehicle And Ship Armor Level 2  
  111  13:31  Starport x2  
  111  13:32  Widow Mine x2  
  111  13:33  Widow Mine x3  
  108  13:53  Widow Mine  
  108  13:54  Widow Mine x4  
  117  14:15  Widow Mine x4  
  125  14:33  Missile Turret  
  125  14:48  Starport Reactor  
  125  14:50  Starport Reactor  
  125  14:55  Missile Turret, Widow Mine  
  123  15:06  Refinery  
  121  15:08  Refinery  
  121  15:16  Widow Mine  
  121  15:19  Missile Turret  
  123  15:26  Orbital Command  
  123  15:33  SCV x2  
  125  15:40  Missile Turret  
  125  15:56  Supply Depot x2  
  125  15:58  Supply Depot x2  
  125  16:01  Supply Depot  
  125  16:02  Missile Turret  
  125  16:18  SCV x2  
  127  16:20  Supply Depot x2  
  127  16:22  Missile Turret  
  127  16:23  Supply Depot  
  127  16:27  Supply Depot  
  127  16:30  SCV x2  
  123  16:35  Viking x4  
  131  16:40  Missile Turret  
  131  16:42  SCV x2  
  131  16:43  Missile Turret  
  131  16:44  Terran Ship Weapons Level 3  
  133  16:54  SCV x2  
  133  16:57  Terran Vehicle And Ship Armor Level 3  
  134  17:05  Viking x4  
  142  17:34  Viking  
  142  17:35  Viking x2  
  148  17:45  Terran Infantry Weapons Level 1  
  148  17:48  Viking  
  148  17:50  Missile Turret  
  150  17:55  Missile Turret  
  150  18:04  Viking  
  150  18:05  Viking x2  
  156  18:13  Missile Turret  
  156  18:17  Missile Turret  
  156  18:18  Viking  
  158  18:32  Missile Turret  
  158  18:34  Viking  
  158  18:35  Viking x2  
  158  18:39  Missile Turret  
  160  18:48  Viking  
  144  18:54  Missile Turret  
  142  19:00  Missile Turret  
Tags
 
Add a new tag
Caveats
  • Supply blocks, unpowered buildings, or Contaminate may cause inaccurate times.
  • Supply counts are checked every 10 seconds.